 Dungeon Crawl Stone Soup version 0.28.0-43-g3370ac3207 (webtiles) character file.

Game seed: 7542941471945444952

69 joshe the Chopper (level 4, -6/40 HPs)
             Began as a Hill Orc Berserker on Mar 8, 2022.
             Was a Believer of Trog.
             Mangled by Sigmund
             ... wielding a +0 scythe of venom
              (12 damage)
             ... on level 3 of the Dungeon.
             The game lasted 00:08:10 (2541 turns).

joshe the Chopper (Hill Orc Berserker)              Turns: 2541, Time: 00:08:11

Health: -6/40      AC:  2    Str: 21    XL:     4   Next: 20%
Magic:  4/4        EV: 11    Int:  7    God:    Trog [**....]
Gold:   83         SH:  4    Dex: 16    Spells: 3/3 levels left

rFire   . . .      SeeInvis .   a - +0 hand axe
rCold   . . .      Faith    .   j - +0 buckler
rNeg    . . .      Spirit   .   b - +0 animal skin
rPois   .          Reflect  .   (no helmet)
rElec   .          Harm     .   (no cloak)
rCorr   .          Rampage  .   (no gloves)
Will    ++...                   (no boots)
Stlth   +.........              (no amulet)
HPRegen 1.13/turn               i - +6 ring of dexterity
MPRegen 0.09/turn               (no ring)

@: lethally poisoned (-6 -> -7), strong-willed, on berserk cooldown,
regenerating, slowed, very slow
A: no striking features
a: Renounce Religion, Berserk, Trog's Hand


You were on level 3 of the Dungeon.
You worshipped Trog.
Trog was pleased with you.
You visited 1 branch of the dungeon, and saw 3 of its levels.

You collected 83 gold pieces.

Inventory:

Hand Weapons
 a - a +0 hand axe (weapon)
Missiles
 m - 5 poisoned darts (quivered)
Armour
 b - a +0 animal skin (worn)
 j - a +0 buckler (worn)
Jewellery
 i - a +6 ring of dexterity (left hand)
Scrolls
 c - 2 scrolls of identify {unknown}
 e - 2 scrolls of fear {unknown}
 k - a scroll of blinking {unknown}
 n - 2 scrolls of magic mapping {unknown}
 p - a scroll of teleportation {unknown}
Potions
 d - a potion of cancellation {unknown}
 f - 2 potions of invisibility {unknown}
 g - a potion of might {unknown}
 h - 2 potions of haste {unknown}
 l - a potion of curing {unknown}
 o - a potion of ambrosia {unknown}


   Skills:
 - Level 4.0 Fighting
 - Level 6.0 Axes
 - Level 2.1 Armour
 - Level 1.5 Dodging
 + Level 1.3 Shields


You had 3 spell levels left.
You didn't know any spells.
Your spell library was empty.

Dungeon Overview and Level Annotations

Branches:
Dungeon (3/15)

Altars:

Shops:
D:1 [

Annotations:
D:3 Sigmund


Message History

A red film seems to cover your vision as you go berserk!
You feel yourself moving faster!
You feel mighty!
Okay, then.
You feel a strong urge to attack something.
Sigmund casts a spell at you.
You are confused.
You bump into the rock wall.
You're too confused to move!
You feel your anger nearly subside.
Sigmund hits you with a +0 scythe of venom!
You are poisoned.
You're too confused to move!
You are no longer berserk.
You are exhausted.
You feel yourself slow down.
You feel very sick.
You feel extremely sick. Sigmund misses you.
You feel very sick. Sigmund closely misses you.
You bump into the rock wall.
You feel very sick.
Sigmund hits you with a +0 scythe of venom.
* * * LOW HITPOINT WARNING * * *
Okay, then.
Unknown command.
You barely miss Sigmund.
You feel less confused.
You feel sick. Sigmund barely misses you.
You hit Sigmund.
Sigmund is lightly wounded.
You feel sick. Sigmund barely misses you.
You completely miss Sigmund.
Sigmund is lightly wounded.
You feel sick. Sigmund barely misses you.
Your skin crawls.
You feel strong-willed.
You feel sick.
Sigmund hits you with a +0 scythe of venom!
You die...

#.#
#######.#
#.......#
#.#######
#.# #.# #.#
#.#######.#
#...@@....#
###########


You could see Sigmund.

Vanquished Creatures
  A worm (D:2)
  2 dart slugs
  4 ball pythons
  6 endoplasms
  5 giant cockroaches
  6 goblins
  5 hobgoblins
  4 jackals (D:1)
  4 kobolds
  A quokka (D:2)
  10 bats
  2 frilled lizards
  7 rats
57 creatures vanquished.

Notes
Turn   | Place    | Note
-------+----------+-------------------------------------------
     0 | D:1      | joshe the Hill Orc Berserker began the quest for the Orb.
     0 | D:1      | Reached XP level 1. HP: 19/19 MP: 1/1
   298 | D:1      | Reached XP level 2. HP: 16/27 MP: 2/2
   672 | D:1      | Reached skill level 5 in Axes
   796 | D:1      | Reached XP level 3. HP: 33/33 MP: 3/3
  1007 | D:1      | Found Cazane's Antique Armour Emporium.
  1112 | D:1      | Reached ** piety under Trog
  1232 | D:1      | Found a faded altar of an unknown god.
  1701 | D:2      | Reached skill level 6 in Axes
  1768 | D:2      | Reached XP level 4. HP: 40/40 MP: 4/4
  2087 | D:2      | Reached skill level 1 in Shields
  2526 | D:3      | Noticed Sigmund
  2541 | D:3      | Mangled by Sigmund

Illustrated notes

Levels and vault maps discovered:
D:1:      amcnicky_arrival_gap_in_the_tavern_cellar, layout_basic, serial_shops,
          nicolae_shop_temple_entry_statues_fountains,
          dreamdust_ecumenical_altar_hidden_monk_grotto
D:2:      wander_river, layout_basic, kennysheep_path_1, minmay_split_cup_small
D:3:      layout_basic, uniq_sigmund

Skill      XL: |  1  2  3  4 |
---------------+-------------+-----
Fighting       | 4 |  4.0
Axes           | 5 6 |  6.0
Shields        | 1 |  1.3
Armour         | |  2.1
Dodging        | |  1.5

Action                   |  1- 3 |  4- 6 || total
-------------------------+-------+-------++-------
Melee: Hand axe          |   110 |    23 ||   133
       Punch             |     2 |       ||     2
Invok: Berserk           |     7 |     2 ||     9
       Trog's Hand       |       |     1 ||     1
 Stab: Sleeping          |       |     2 ||     2
Armor: Animal skin       |    37 |     4 ||    41
Dodge: Dodged            |    80 |    17 ||    97
Block: Buckler           |     2 |     3 ||     5
